AoeStats
← lukas.reiter177

Arabia

508249962Analyzed
1v1 RM · 11d ago on Sep 21, 2026· 35m 8s· 2 players
Game mode
Random Map
Map size
Tiny (2 player)
Population
200
Speed
Normal
Resources
Standard
Victory
Conquest
Starting age
Dark Age
Ending age
Imperial Age
RankedLock teamsTeams togetherTeam positionsShared explorationLock speedFull tech treeHidden civsTurbo modeCheats
Victory
Defeat
🇦🇹 Japanese · Austria
1177
+16
🇩🇪 Aztecs · Germany
1178
-16
lukas.reiter177
10:07 Feudal Age
11:23 Man-at-Arms
12:34 Double-Bit Axe
12:47 Horse Collar
13:05 Loom
14:06 Arson
17:00 Padded Archer Armor
21:24 Castle Age
19:47 Fletching
23:08 Thumb Ring
23:57 Bodkin Arrow
24:17 Leather Archer Armor
26:43 Long Swordsman
28:31 Bloodlines
28:22 Husbandry
28:42 Gold Mining
29:37 Wheelbarrow
XRXander
7:20 Loom
9:30 Feudal Age
9:46 Man-at-Arms
16:36 Fletching
23:44 Castle Age
22:30 Gold Mining
22:27 Double-Bit Axe
22:49 Scale Mail Armor
23:53 Crossbowman
25:30 Bodkin Arrow
26:43 Wheelbarrow
28:37 Padded Archer Armor
31:24 Ballistics
31:58 Hand Cart
34:50 Elite Skirmisher
35:58 Leather Archer Armor
Connection lost

Rejoining the realm…

Still unreachable

The connection could not be restored.

Session expired

The server has moved on; the page needs a fresh start.